 Dungeon Crawl Stone Soup version 0.20.1-1-g8b1a95d (webtiles) character file.

26 homeworkjunkie the Skirmisher (level 3, -5/33 HPs)
             Began as a Hill Orc Fighter on Nov 10, 2017.
             Slain by a worker ant (6 damage)
             ... on level 4 of the Dungeon.
             The game lasted 00:02:48 (324 turns).

homeworkjunkie the Skirmisher (Hill Orc Fighter)     Turns: 324, Time: 00:02:48

Health: -5/33      AC:  6    Str: 19    XL:     3   Next: 8%
Magic:  3/3        EV:  9    Int:  8    God:
Gold:   29         SH:  9    Dex: 10    Spells: 2/2 levels left

rFire    . . .     SeeInvis .   a - +0 war axe
rCold    . . .     Gourm    .   c - +0 shield
rNeg     . . .     Faith    .   b - +0 scale mail
rPois    .         Spirit   .   (no helmet)
rElec    .         Reflect  .   (no cloak)
rCorr    .         Harm     .   (no gloves)
MR       .....                  (no boots)
Stlth    ..........             (no amulet)
Regen    0.2/turn               j - +2 ring of evasion
MPRegen  0.1/turn               (no ring)

@: lethally poisoned (-5 -> -9)
A: no striking features
a: no special abilities


You were on level 4 of the Dungeon.
You were not hungry.

You visited 1 branch of the dungeon, and saw 5 of its levels.

You collected 29 gold pieces.

Inventory:

Hand Weapons
 a - a +0 war axe (weapon)
Armour
 b - a +0 scale mail (worn)
 c - a +0 shield (worn)
Jewellery
 j - a +2 ring of evasion (left hand)
Scrolls
 g - a scroll of identify
Potions
 d - a potion of might
 h - a potion of magic
 i - a potion of resistance
 k - a potion of flight {unknown}
Comestibles
 f - a bread ration


   Skills:
 * Level 3.9 Fighting
 * Level 3.4 Axes
 * Level 3.5 Armour
 * Level 3.6 Shields


You had 2 spell levels left.
You didn't know any spells.

Dungeon Overview and Level Annotations

Branches:
Dungeon (5/15)
 Temple: D:4-7

Altars:

Annotations:
D:5 Pikel


Message History

The worker ant bites you but does no damage.
Your shield prevents you from hitting the worker ant.
The worker ant is severely wounded.
You feel sick.
The worker ant waves its antennae.
The worker ant bites you but does no damage.
You block the worker ant's attack.
You barely miss the worker ant.
The worker ant is severely wounded.
You block the worker ant's attack. The worker ant barely misses you.
You hit the worker ant.
The worker ant is severely wounded.
You hear the slow rusting of a very distant drain.
You feel sick. You block the worker ant's attack.
You barely miss the worker ant.
The worker ant is severely wounded.
The worker ant bites you.
* * * LOW HITPOINT WARNING * * *
The worker ant bites you.
You die...

... ....
....#
..... ##
...... #.#
......##a#
.......@#
......#.#
..... #.#
.... #.#
#.. #.# ##
#.# #.#
..# .#.


You could see a worker ant.

Vanquished Creatures
  A slave (D:4)
  2 oozes
  A worm (D:2)
  A leopard gecko (D:2)
  2 giant cockroaches (D:2)
  2 hobgoblins
  2 quokkas (D:2)
  A bat (D:2)
  3 rats (D:2)
15 creatures vanquished.

Notes
Turn   | Place    | Note
-------+----------+-------------------------------------------
     0 | D:1      | homeworkjunkie the Hill Orc Fighter began the quest for the Orb.
     0 | D:1      | Reached XP level 1. HP: 19/19 MP: 1/1
     1 | D:1      | Noticed a demigod
     2 | D:1      | Noticed a demonspawn
     4 | D:1      | Noticed a minotaur
     6 | D:1      | Noticed a felid
     6 | D:1      | Noticed a tengu
     8 | D:1      | Noticed a merfolk
     8 | D:1      | Noticed an elf
    10 | D:1      | Noticed a naga
    10 | D:1      | Noticed an octopode
    12 | D:1      | Noticed a human
    12 | D:1      | Noticed a spriggan
    14 | D:1      | Noticed a vine stalker
    16 | D:1      | Noticed a vampire
    16 | D:1      | Noticed a formicid
    18 | D:1      | Noticed a draconian
    20 | D:1      | Noticed a halfling
    20 | D:1      | Noticed a dwarf
    22 | D:1      | Noticed a troll
    22 | D:1      | Noticed a ghoul
    24 | D:1      | Noticed a centaur
    24 | D:1      | Noticed an ogre
    26 | D:1      | Noticed a gargoyle
   129 | D:2      | Reached XP level 2. HP: 27/27 MP: 2/2
   246 | D:2      | Reached XP level 3. HP: 25/33 MP: 3/3
   296 | D:5      | Entered Level 5 of the Dungeon
   296 | D:5      | Noticed Pikel
   296 | D:5      | Noticed a slave
   296 | D:5      | Noticed a slave
   296 | D:5      | Noticed a slave
   296 | D:5      | Noticed a slave
   308 | D:4      | Killed a slave
   324 | D:4      | HP: 1/33 [worker ant (4)]
   324 | D:4      | Slain by a worker ant

Skill      XL: |  1 |
---------------+----+-----
Axes           | 3 |  3.4
Fighting       | |  3.9
Armour         | |  3.5
Shields        | |  3.6

Action                   || total
-------------------------++-------
Melee: War axe           ||    63
  Use: Scroll            ||     4
Armor: Scale mail        ||    31
Dodge: Dodged            ||    16
Block: Shield            ||    31
